[Event "1st Sakatam Open 2024"]
[Site "Guwahati"]
[Date "2024.03.24"]
[Round "4.1"]
[White "Kaustuv, Kundu"]
[Black "Aahil Patra"]
[Result "1-0"]
[ECO "D46"]
[WhiteElo "2388"]
[BlackElo "1758"]
[Annotator "RC"]
[PlyCount "95"]
[EventDate "2024.03.24"]
[EventType "swiss"]
[EventCountry "IND"]
[SourceTitle "playchess.com"]
[Source "ChessBase"]
[SourceQuality "1"]
[TimeControl "5400+30"]

1. Nf3 d5 2. e3 Nf6 3. c4 e6 4. b3 Nbd7 5. Bb2 Be7 6. Nc3 c6 7. d4 O-O 8. Bd3 b6 9. O-O Bb7 10. Qe2 Re8 11. Rad1 Bf8 12. Rfe1 g6 13. Qc2 Bg7 14. b4 Qc7 15. Rc1 Rac8 16. a4 a5 17. bxa5 bxa5 18. c5 e5 19. Nxe5 Nxe5 20. dxe5 Rxe5 21. Ne2 Re7 22. h3 Rce8 23. Rb1 Bc8 24. Bd4 Nd7 25. Bxg7 Kxg7 26. Nd4 Re5 27. Bf1 Kg8 28. Rec1 Rf8 29. Qd2 Re4 30. g3 Re7 31. Bg2 Ne5 32. Rc3 Ba6 33. Qc2 f5 34. Rb6 Bb7 35. Rcb3 Ba8 36. Rc3 Nd7 37. Rb1 Qa7 38. h4 Ree8 39. h5 Re7 40. Rc1 Rb8 41. hxg6 hxg6 42. g4 Rf8 43. gxf5 gxf5 44. Nxf5 Rh7 45. e4 Nf6 46. Rg3+ Kh8 47. Qc3 dxe4 48. Rd1 1-0

[Event "1st Sakatam Open 2024"]
[Site "Guwahati"]
[Date "2024.03.24"]
[Round "4.2"]
[White "Parambrata Sarkar"]
[Black "Arpan Das"]
[Result "0-1"]
[ECO "B15"]
[WhiteElo "1755"]
[BlackElo "2374"]
[Annotator "RC"]
[PlyCount "50"]
[EventDate "2024.03.24"]
[EventType "swiss"]
[EventCountry "IND"]
[SourceTitle "playchess.com"]
[Source "ChessBase"]
[SourceQuality "1"]
[TimeControl "5400+30"]

1. e4 c6 2. d4 d5 3. Nc3 dxe4 4. Nxe4 Nf6 5. Bd3 Qxd4 6. Nf3 Qd8 7. Qe2 Nxe4 8. Bxe4 g6 9. h4 Bg4 10. Bd2 Bg7 11. O-O-O Nd7 12. c3 Qc7 13. Bc2 e6 14. Qe3 Nb6 15. Bb3 O-O-O 16. Rhe1 h5 17. Qc5 Bf6 18. Qa5 Kb8 19. Re4 Nd5 20. Qa4 e5 21. Rde1 b5 22. Qa6 Bc8 23. Qa3 Be7 24. Rxe5 Bxa3 25. bxa3 f6 0-1

[Event "1st Sakatam Open 2024"]
[Site "Guwahati"]
[Date "2024.03.24"]
[Round "4.3"]
[White "Subhayan Kundu"]
[Black "Sagnik Halder"]
[Result "1-0"]
[ECO "C11"]
[WhiteElo "2353"]
[BlackElo "1750"]
[Annotator "RC"]
[PlyCount "111"]
[EventDate "2024.03.24"]
[EventType "swiss"]
[EventCountry "IND"]
[SourceTitle "playchess.com"]
[Source "ChessBase"]
[SourceQuality "1"]
[TimeControl "5400+30"]

1. e4 e6 2. d4 d5 3. Nc3 Nf6 4. e5 Nfd7 5. f4 c5 6. Nf3 Nc6 7. Be3 Be7 8. Qd2 O-O 9. dxc5 Qa5 10. a3 a6 11. Be2 Bxc5 12. Nd4 Nxd4 13. Bxd4 Bxd4 14. Qxd4 Qb6 15. O-O-O Qxd4 16. Rxd4 b6 17. Re1 Bb7 18. g3 Rfc8 19. Ne4 Nc5 20. Nd2 Rc7 21. Kb1 Rac8 22. a4 Kf8 23. c3 Ke7 24. Kc2 Bc6 25. Ra1 Bb7 26. Rb4 Rc6 27. Rd4 R6c7 28. h4 f6 29. exf6+ gxf6 30. Re1 Bc6 31. b3 Kf8 32. Kb2 a5 33. Bf3 Re7 34. Nf1 e5 35. Rdd1 e4 36. Be2 Rce8 37. Rd4 Ne6 38. Rd2 Rg7 39. f5 Nc5 40. g4 h5 41. g5 Re5 42. gxf6 Rg2 43. Ka3 e3 44. Rd4 Rf2 45. Ng3 Rg2 46. Nxh5 Rxf5 47. Nf4 Rf2 48. Ng6+ Kf7 49. Ne7 Rxf6 50. Nxc6 Rxc6 51. Rxd5 Ne4 52. Bc4 Nxc3 53. Rd3+ Kg7 54. Rxc3 Rd6 55. Rcxe3 Rdd2 56. R3e2 1-0

[Event "1st Sakatam Open 2024"]
[Site "Guwahati"]
[Date "2024.03.24"]
[Round "4.4"]
[White "Nalinakhya Kashyap"]
[Black "Mishra, Neeraj-Kumar"]
[Result "1/2-1/2"]
[ECO "B40"]
[WhiteElo "1755"]
[BlackElo "2150"]
[Annotator "RC"]
[PlyCount "69"]
[EventDate "2024.03.24"]
[EventType "swiss"]
[EventCountry "IND"]
[SourceTitle "playchess.com"]
[Source "ChessBase"]
[SourceQuality "1"]
[TimeControl "5400+30"]

1. e4 c5 2. Nf3 e6 3. g3 Nc6 4. Bg2 a6 5. O-O d6 6. Re1 Nf6 7. c3 Be7 8. d4 cxd4 9. cxd4 O-O 10. Nc3 Qc7 11. d5 Ne5 12. Nxe5 dxe5 13. Be3 exd5 14. exd5 Ng4 15. Ne4 Nxe3 16. Rxe3 Rd8 17. Rc1 Qa5 18. d6 Be6 19. Rd3 Bf8 20. Nc5 Qxa2 21. Nxb7 Qxb2 22. Nxd8 Rxd8 23. d7 Rxd7 24. Rxd7 Bxd7 25. Rc2 Qb6 26. Rd2 Be6 27. Bd5 g6 28. Bxe6 Qxe6 29. Qa4 Bc5 30. Ra2 Qb6 31. Qe8+ Bf8 32. Qa4 Bc5 33. Qe8+ Bf8 34. Qa4 Bc5 35. Qe8+ 1/2-1/2

[Event "1st Sakatam Open 2024"]
[Site "Guwahati"]
[Date "2024.03.24"]
[Round "4.5"]
[White "Balkishan, A.."]
[Black "Shubham Kumar"]
[Result "1-0"]
[ECO "A25"]
[WhiteElo "2108"]
[BlackElo "1845"]
[Annotator "RC"]
[PlyCount "119"]
[EventDate "2024.03.24"]
[EventType "swiss"]
[EventCountry "IND"]
[SourceTitle "playchess.com"]
[Source "ChessBase"]
[SourceQuality "1"]
[TimeControl "5400+30"]

1. c4 e5 2. Nc3 Nf6 3. g3 Nc6 4. Bg2 Bb4 5. Nd5 Bc5 6. e3 d6 7. Ne2 O-O 8. O-O a6 9. a3 Nxd5 10. cxd5 Ne7 11. d4 Bb6 12. b4 Bg4 13. dxe5 dxe5 14. Bb2 f6 15. h3 Bh5 16. a4 Nc8 17. g4 Bf7 18. Rc1 Nd6 19. Qc2 Rc8 20. Kh1 Bg6 21. Qb3 Kh8 22. Ng3 Qe7 23. Ba3 f5 24. gxf5 Bxf5 25. Bb2 Qh4 26. a5 Ba7 27. Bxe5 Bxh3 28. Rxc7 Rxc7 29. Bxd6 Rcf7 30. Bxf8 Rxf8 31. Kh2 Bb8 32. Kg1 Qg4 33. Qd1 Qh4 34. Qh5 Qxh5 35. Nxh5 Bg4 36. Ng3 h5 37. Ne4 h4 38. f3 Bf5 39. Ng5 Ba7 40. Kf2 Re8 41. Re1 Rc8 42. Nf7+ Kg8 43. Nd6 Rc2+ 44. Re2 Rxe2+ 45. Kxe2 Bd7 46. Nxb7 h3 47. Bh1 g5 48. Nc5 Bb5+ 49. Kf2 Bb8 50. Ne4 Kg7 51. Nxg5 Bd6 52. Ne6+ Kf6 53. Nc5 Kf5 54. f4 Kg4 55. Bf3+ Kh4 56. Be4 Kg4 57. Bh1 Be7 58. Bf3+ Kf5 59. Kg3 Bf1 60. Bg4+ 1-0

[Event "1st Sakatam Open 2024"]
[Site "Guwahati"]
[Date "2024.03.24"]
[Round "4.6"]
[White "Shaashvat Gupta"]
[Black "Kumar, Gaurav"]
[Result "0-1"]
[ECO "B45"]
[WhiteElo "1738"]
[BlackElo "2049"]
[Annotator "RC"]
[PlyCount "70"]
[EventDate "2024.03.24"]
[EventType "swiss"]
[EventCountry "IND"]
[SourceTitle "playchess.com"]
[Source "ChessBase"]
[SourceQuality "1"]
[TimeControl "5400+30"]

1. e4 c5 2. Nf3 Nc6 3. d4 cxd4 4. Nxd4 Nf6 5. Nc3 e6 6. Bg5 Bb4 7. Nxc6 bxc6 8. Bd3 h6 9. Bd2 e5 10. O-O O-O 11. f4 d5 12. Kh1 d4 13. fxe5 Ng4 14. Ne2 Bxd2 15. Qxd2 Ne3 16. Rf3 c5 17. c3 Bg4 18. Rg3 Bxe2 19. Bxe2 Qe7 20. e6 fxe6 21. cxd4 cxd4 22. Rf3 Rfc8 23. Bd1 Qh4 24. Bb3 Qxe4 25. Re1 Kh8 26. Qb4 a5 27. Qd6 Rc6 28. Qg3 a4 29. Bd1 Rc1 30. h3 Qb1 31. Rf7 Rg8 32. Qf4 Rxd1 33. Rxd1 Qxd1+ 34. Kh2 Qe2 35. Rxg7 Nf1+ 0-1

[Event "1st Sakatam Open 2024"]
[Site "Guwahati"]
[Date "2024.03.24"]
[Round "4.7"]
[White "Snehaal Roy"]
[Black "Singh, Y. Dhanabir"]
[Result "0-1"]
[ECO "B77"]
[WhiteElo "1738"]
[BlackElo "1996"]
[Annotator "RC"]
[PlyCount "70"]
[EventDate "2024.03.24"]
[EventType "swiss"]
[EventCountry "IND"]
[SourceTitle "playchess.com"]
[Source "ChessBase"]
[SourceQuality "1"]
[TimeControl "5400+30"]

1. e4 c5 2. Nf3 d6 3. d4 cxd4 4. Nxd4 Nf6 5. Nc3 g6 6. Be3 Bg7 7. f3 O-O 8. Qd2 Nc6 9. Bc4 Nxd4 10. Bxd4 Be6 11. Bb3 Qa5 12. O-O-O b5 13. Kb1 b4 14. Nd5 Bxd5 15. exd5 Rfc8 16. h4 Qb5 17. c3 bxc3 18. Bxc3 a5 19. h5 a4 20. Bc2 Ne4 21. Bxe4 Bxc3 22. Qf2 Rab8 23. Rd2 Bxd2 24. Qxd2 a3 25. b3 Qb4 26. Qf2 Rc3 27. Bc2 Rbc8 28. hxg6 Rxc2 29. gxf7+ Kxf7 30. Qe3 Ke8 31. Qg5 Rb2+ 32. Ka1 Rxa2+ 33. Kxa2 Rc2+ 34. Ka1 Qc3+ 35. Kb1 Qb2# 0-1

[Event "1st Sakatam Open 2024"]
[Site "Guwahati"]
[Date "2024.03.24"]
[Round "4.8"]
[White "Arpan Das"]
[Black "Dhruv Phukan"]
[Result "1-0"]
[ECO "D36"]
[WhiteElo "2374"]
[BlackElo "1735"]
[Annotator "RC"]
[PlyCount "97"]
[EventDate "2024.03.24"]
[EventType "swiss"]
[EventCountry "IND"]
[SourceTitle "playchess.com"]
[Source "ChessBase"]
[SourceQuality "1"]
[TimeControl "5400+30"]

1. d4 d5 2. c4 e6 3. Nc3 Nf6 4. cxd5 exd5 5. Bg5 c6 6. Qc2 Be7 7. e3 h6 8. Bf4 a5 9. Bd3 Nbd7 10. Nge2 b5 11. O-O Nb6 12. Nxb5 cxb5 13. Bc7 Qd7 14. Bxb6 Bb7 15. Qc7 Bd6 16. Qxd7+ Nxd7 17. Bxb5 Ba6 18. Nc3 Bb4 19. Bxa6 Rxa6 20. Bc7 Bxc3 21. bxc3 O-O 22. Rfb1 Rc8 23. Rb7 Nf6 24. Rc1 a4 25. f3 Ne8 26. Bg3 Rac6 27. Rb4 Nf6 28. Be1 Rc4 29. Rcb1 Kf8 30. Kf2 Ke8 31. Ke2 Kd7 32. Kd3 g5 33. e4 h5 34. Bd2 g4 35. e5 Ne8 36. Rxc4 Rxc4 37. Rb6 Rc6 38. Rb4 gxf3 39. gxf3 Rg6 40. Rxa4 Rg2 41. Ra7+ Nc7 42. a4 Kd8 43. h4 Rf2 44. Ke3 Rh2 45. c4 Kc8 46. Ba5 Ne6 47. cxd5 Ng7 48. Rxf7 Ne8 49. d6 1-0

[Event "1st Sakatam Open 2024"]
[Site "Guwahati"]
[Date "2024.03.25"]
[Round "5.1"]
[White "Abhrojyoty Nath"]
[Black "Kaustuv, Kundu"]
[Result "0-1"]
[ECO "A64"]
[WhiteElo "1845"]
[BlackElo "2388"]
[Annotator "RC"]
[PlyCount "66"]
[EventDate "2024.03.24"]
[EventType "swiss"]
[EventCountry "IND"]
[SourceTitle "playchess.com"]
[Source "ChessBase"]
[SourceQuality "1"]
[TimeControl "5400+30"]

1. d4 Nf6 2. Nf3 g6 3. g3 Bg7 4. Bg2 O-O 5. O-O d6 6. c4 c5 7. d5 e6 8. Nc3 exd5 9. cxd5 Re8 10. Nd2 a6 11. a4 Nbd7 12. Nc4 Ne5 13. Nxe5 Rxe5 14. e4 Re8 15. h3 Rb8 16. a5 b5 17. axb6 Qxb6 18. Re1 Nd7 19. Qa4 Qd8 20. Qc2 c4 21. Ra4 Ne5 22. Rd1 Qc7 23. Bf1 a5 24. Be3 Bd7 25. Ra2 f5 26. f4 Nd3 27. Nb5 Bxb5 28. Bxd3 Rbc8 29. Rc1 Qb7 30. Bf1 Rxe4 31. Bf2 a4 32. Qd2 Bd7 33. Bg2 Qb3 0-1

[Event "1st Sakatam Open 2024"]
[Site "Guwahati"]
[Date "2024.03.25"]
[Round "5.2"]
[White "Arpan Das"]
[Black "Mrinmoy Rajkhowa"]
[Result "1/2-1/2"]
[ECO "B81"]
[WhiteElo "2374"]
[BlackElo "1901"]
[Annotator "RC"]
[PlyCount "59"]
[EventDate "2024.03.24"]
[EventType "swiss"]
[EventCountry "IND"]
[SourceTitle "playchess.com"]
[Source "ChessBase"]
[SourceQuality "1"]
[TimeControl "5400+30"]

1. e4 c5 2. Nf3 d6 3. d4 cxd4 4. Nxd4 Nf6 5. Nc3 a6 6. h3 e6 7. g4 Nfd7 8. g5 b5 9. Bg2 Bb7 10. h4 Be7 11. f4 Nc6 12. Nde2 b4 13. Nb1 O-O 14. b3 Nc5 15. Bb2 Re8 16. O-O Bf8 17. Ng3 e5 18. Nd2 exf4 19. Rxf4 Ne5 20. Qf1 d5 21. Bxe5 Rxe5 22. Rxf7 dxe4 23. Nc4 Re7 24. Rf5 Qc7 25. Ne2 Ree8 26. h5 Ne6 27. g6 Bc5+ 28. Kh1 Qe7 29. Rf7 Qh4+ 30. Bh3 1/2-1/2

[Event "1st Sakatam Open 2024"]
[Site "Guwahati"]
[Date "2024.03.25"]
[Round "5.3"]
[White "Srijon Saha"]
[Black "Subhayan Kundu"]
[Result "0-1"]
[ECO "E90"]
[WhiteElo "1812"]
[BlackElo "2353"]
[Annotator "RC"]
[PlyCount "98"]
[EventDate "2024.03.24"]
[EventType "swiss"]
[EventCountry "IND"]
[SourceTitle "playchess.com"]
[Source "ChessBase"]
[SourceQuality "1"]
[TimeControl "5400+30"]

1. c4 Nf6 2. Nc3 g6 3. d4 Bg7 4. e4 d6 5. h3 O-O 6. Be3 Nc6 7. Nf3 e5 8. d5 Nd4 9. Nxd4 exd4 10. Bxd4 Nxe4 11. Bxg7 Re8 12. Be2 Kxg7 13. Qd4+ Qf6 14. Qxf6+ Kxf6 15. Nxe4+ Rxe4 16. f3 Re5 17. Kf2 Bf5 18. Rhe1 Rae8 19. g4 Bd7 20. Rad1 Re3 21. h4 h6 22. Rd2 a5 23. Rc1 b6 24. Bd3 R3e5 25. b3 R5e7 26. Bf1 g5 27. hxg5+ hxg5 28. Bd3 Rh8 29. Kg2 Re3 30. Kf2 Ree8 31. Kg2 Rh4 32. Bf1 Kg6 33. Re2 Rxe2+ 34. Bxe2 f5 35. Bd3 Kf6 36. Bxf5 Bxf5 37. gxf5 Rd4 38. Rc2 Kxf5 39. Kg3 a4 40. Rh2 a3 41. Rh7 Rd2 42. Rxc7 Rxa2 43. Ra7 Ra1 44. b4 a2 45. Kg2 Ke5 46. b5 Kd4 47. Ra4 Kc3 48. c5 dxc5 49. d6 Kb3 0-1

[Event "1st Sakatam Open 2024"]
[Site "Guwahati"]
[Date "2024.03.25"]
[Round "5.4"]
[White "Amlan Mahanta"]
[Black "Balkishan, A.."]
[Result "0-1"]
[ECO "A47"]
[WhiteElo "1789"]
[BlackElo "2108"]
[Annotator "RC"]
[PlyCount "44"]
[EventDate "2024.03.24"]
[EventType "swiss"]
[EventCountry "IND"]
[SourceTitle "playchess.com"]
[Source "ChessBase"]
[SourceQuality "1"]
[TimeControl "5400+30"]

1. d4 Nf6 2. Bf4 e6 3. e3 Be7 4. Nd2 b6 5. h3 Bb7 6. Ngf3 c5 7. c3 d6 8. Bb5+ Nc6 9. O-O O-O 10. Re1 a6 11. Bf1 Rc8 12. Bh2 Re8 13. Rc1 Bf8 14. e4 e5 15. dxe5 Nxe5 16. Nxe5 dxe5 17. a4 Qc7 18. Qc2 Rcd8 19. Rcd1 c4 20. Nxc4 Rxd1 21. Rxd1 Bxe4 22. Bd3 Qxc4 0-1

[Event "1st Sakatam Open 2024"]
[Site "Guwahati"]
[Date "2024.03.25"]
[Round "5.5"]
[White "Kumar, Gaurav"]
[Black "Kishan Kumar"]
[Result "1/2-1/2"]
[ECO "A29"]
[WhiteElo "2049"]
[BlackElo "1867"]
[Annotator "RC"]
[PlyCount "71"]
[EventDate "2024.03.24"]
[EventType "swiss"]
[EventCountry "IND"]
[SourceTitle "playchess.com"]
[Source "ChessBase"]
[SourceQuality "1"]
[TimeControl "5400+30"]

1. c4 e5 2. Nc3 Nf6 3. g3 d5 4. cxd5 Nxd5 5. Bg2 Nb6 6. Nf3 Nc6 7. O-O Be7 8. e3 O-O 9. d4 exd4 10. Nxd4 Nxd4 11. Qxd4 Qxd4 12. exd4 c6 13. d5 Nxd5 14. Nxd5 cxd5 15. Bxd5 Rd8 16. Bg2 Bf6 17. Bf4 g5 18. Be3 Be6 19. Rad1 Bxa2 20. Bxb7 Rab8 21. Rxd8+ Bxd8 22. Rd1 Bf6 23. Rd7 Be6 24. Bxa7 Bxd7 25. Bxb8 Bxb2 26. f3 Bd4+ 27. Kg2 Kg7 28. h3 h5 29. f4 gxf4 30. Bxf4 Bf5 31. Bf3 Kg6 32. g4 hxg4 33. Bxg4 Bxg4 34. hxg4 f5 35. Kf3 fxg4+ 36. Kxg4 1/2-1/2

[Event "1st Sakatam Open 2024"]
[Site "Guwahati"]
[Date "2024.03.25"]
[Round "5.6"]
[White "Singh, Y. Dhanabir"]
[Black "Madkar, Atharva"]
[Result "1-0"]
[ECO "C44"]
[WhiteElo "1996"]
[BlackElo "1788"]
[Annotator "RC"]
[PlyCount "47"]
[EventDate "2024.03.24"]
[EventType "swiss"]
[EventCountry "IND"]
[SourceTitle "playchess.com"]
[Source "ChessBase"]
[SourceQuality "1"]
[TimeControl "5400+30"]

1. e4 e5 2. Nf3 Nc6 3. d4 exd4 4. c3 d5 5. exd5 Qxd5 6. cxd4 Bg4 7. Be2 O-O-O 8. Nc3 Bb4 9. O-O Qd7 10. Qa4 Nge7 11. d5 Nxd5 12. Nxd5 Qxd5 13. a3 Qe6 14. Be3 Bxf3 15. Bxf3 Bd2 16. Bxa7 h5 17. Bc5 Nb8 18. Rad1 Na6 19. Bd4 Bh6 20. Rfe1 Qg6 21. Re7 Bg5 22. Qb5 Rxd4 23. Bxb7+ Kd8 24. Qd7+ 1-0

[Event "1st Sakatam Open 2024"]
[Site "Guwahati"]
[Date "2024.03.25"]
[Round "5.7"]
[White "Ratul Majumder"]
[Black "Arpan Das"]
[Result "0-1"]
[ECO "B33"]
[WhiteElo "1577"]
[BlackElo "2374"]
[Annotator "RC"]
[PlyCount "72"]
[EventDate "2024.03.24"]
[EventType "swiss"]
[EventCountry "IND"]
[SourceTitle "playchess.com"]
[Source "ChessBase"]
[SourceQuality "1"]
[TimeControl "5400+30"]

1. e4 c5 2. Nf3 Nc6 3. d4 cxd4 4. Nxd4 Nf6 5. Nc3 e5 6. Ndb5 d6 7. Bg5 a6 8. Na3 b5 9. Nd5 Be7 10. Bxf6 Bxf6 11. c3 Bg5 12. Be2 O-O 13. Bg4 Be6 14. O-O g6 15. Nc2 f5 16. Bh3 Ne7 17. Nxe7+ Qxe7 18. exf5 gxf5 19. Re1 Rad8 20. Nb4 Qb7 21. Qh5 Qg7 22. Nxa6 Rf6 23. Nc7 Bd7 24. Qd1 Rh6 25. Nd5 Rxh3 26. gxh3 Bd2+ 27. Kh1 Bxe1 28. Qxe1 Bc6 29. Qd2 Kh8 30. Rg1 Qf7 31. Rd1 Rg8 32. f3 Qa7 33. b3 Qc5 34. c4 bxc4 35. b4 Bxd5 36. Qxd5 Rg1+ 0-1

[Event "1st Sakatam Open 2024"]
[Site "Guwahati"]
[Date "2024.03.25"]
[Round "5.8"]
[White "Mishra, Neeraj-Kumar"]
[Black "Arshiya Das"]
[Result "1/2-1/2"]
[ECO "D79"]
[WhiteElo "2150"]
[BlackElo "1741"]
[Annotator "RC"]
[PlyCount "120"]
[EventDate "2024.03.24"]
[EventType "swiss"]
[EventCountry "IND"]
[SourceTitle "playchess.com"]
[Source "ChessBase"]
[SourceQuality "1"]
[TimeControl "5400+30"]

1. d4 Nf6 2. Nf3 d5 3. g3 g6 4. Bg2 Bg7 5. O-O O-O 6. c4 c6 7. cxd5 cxd5 8. Nc3 Nc6 9. Ne5 Be6 10. Be3 Nd7 11. f4 Nb6 12. b3 Qc8 13. Rc1 Bh3 14. Nxd5 Nxd5 15. Bxd5 Bxf1 16. Qxf1 Qd8 17. Bxc6 bxc6 18. Nxc6 Qd7 19. Rc4 Rfe8 20. Qc1 Qg4 21. Qc2 Kf8 22. Bf2 Qd7 23. e4 Rec8 24. d5 Re8 25. b4 a6 26. a4 Kg8 27. Rc5 e6 28. Qd3 exd5 29. exd5 Bf8 30. Rc4 Bd6 31. Kg2 Rac8 32. b5 axb5 33. axb5 Ra8 34. Re4 Ra3 35. Qe2 Rea8 36. b6 Bf8 37. Qb5 R8a5 38. Qb1 Ra1 39. Qb3 R1a3 40. Qd1 Rxd5 41. Qc1 Ra2 42. Ne5 Qb7 43. Qc7 Qxc7 44. bxc7 Ra8 45. Ng4 Rd6 46. Rc4 Rc8 47. Bd4 Bg7 48. Ne5 Re6 49. Bc3 Re7 50. Ba5 Bxe5 51. fxe5 Rxe5 52. Rd4 Kf8 53. Rd8+ Re8 54. Rd7 Kg7 55. Bc3+ Kf8 56. Bf6 Re6 57. Bd8 Ke8 58. Rd2 Rc6 59. Re2+ Re6 60. Rd2 Rc6 1/2-1/2

[Event "1st Sakatam Open 2024"]
[Site "Guwahati"]
[Date "2024.03.26"]
[Round "6.1"]
[White "Kaustuv, Kundu"]
[Black "Balkishan, A.."]
[Result "1-0"]
[ECO "A15"]
[WhiteElo "2388"]
[BlackElo "2108"]
[Annotator "RC"]
[PlyCount "63"]
[EventDate "2024.03.24"]
[EventType "swiss"]
[EventCountry "IND"]
[SourceTitle "playchess.com"]
[Source "ChessBase"]
[SourceQuality "1"]
[TimeControl "5400+30"]

1. Nf3 Nf6 2. c4 g6 3. b3 Bg7 4. Bb2 O-O 5. g3 d6 6. d4 b6 7. Bg2 Bb7 8. O-O Nbd7 9. Nc3 e5 10. d5 e4 11. Nd4 Re8 12. Qc2 e3 13. f4 Qe7 14. Bf3 Nc5 15. Nc6 Bxc6 16. dxc6 a5 17. Rad1 Qe6 18. Nb5 Re7 19. f5 Qc8 20. fxg6 fxg6 21. Bxf6 Bxf6 22. Bd5+ Kg7 23. Rxf6 Kxf6 24. Qc3+ Re5 25. Rf1+ Kg7 26. Rf7+ Kh8 27. Rxc7 Qh3 28. Nxd6 Nd3 29. Nf7+ Kg7 30. Nxe5+ Kh6 31. Nxd3 Rf8 32. Qg7+ 1-0

[Event "1st Sakatam Open 2024"]
[Site "Guwahati"]
[Date "2024.03.26"]
[Round "6.2"]
[White "Subhayan Kundu"]
[Black "Singh, Y. Dhanabir"]
[Result "1-0"]
[ECO "B36"]
[WhiteElo "2353"]
[BlackElo "1996"]
[Annotator "RC"]
[PlyCount "50"]
[EventDate "2024.03.24"]
[EventType "swiss"]
[EventCountry "IND"]
[SourceTitle "playchess.com"]
[Source "ChessBase"]
[SourceQuality "1"]
[TimeControl "5400+30"]

1. e4 c5 2. Nf3 d6 3. d4 cxd4 4. Nxd4 Nf6 5. f3 Nc6 6. c4 Nxd4 7. Qxd4 g6 8. Nc3 Bg7 9. Be3 O-O 10. Qd2 Be6 11. Rc1 Qa5 12. Bd3 Nd7 13. b3 Rfc8 14. O-O Bxc3 15. Rxc3 b5 16. f4 f6 17. e5 b4 18. Rcc1 fxe5 19. f5 gxf5 20. Bh6 f4 21. Qc2 Qc5+ 22. Kh1 Kf7 23. Bxh7 Ke8 24. Qg6+ Bf7 25. Qg7 Be6 1-0

[Event "1st Sakatam Open 2024"]
[Site "Guwahati"]
[Date "2024.03.26"]
[Round "6.3"]
[White "Arpan Das"]
[Black "Arpan Das"]
[Result "1/2-1/2"]
[ECO "D10"]
[WhiteElo "2374"]
[BlackElo "2374"]
[Annotator "RC"]
[PlyCount "42"]
[EventDate "2024.03.24"]
[EventType "swiss"]
[EventCountry "IND"]
[SourceTitle "playchess.com"]
[Source "ChessBase"]
[SourceQuality "1"]
[TimeControl "5400+30"]

1. d4 d5 2. c4 dxc4 3. e4 b5 4. a4 c6 5. Nc3 b4 6. Nce2 e6 7. Nf3 Ba6 8. Ng3 c5 9. Be3 Nf6 10. Ne5 cxd4 11. Bxd4 Be7 12. Be2 O-O 13. O-O Bb7 14. Nxc4 Nc6 15. Be3 Rc8 16. a5 Rc7 17. a6 Bc8 18. Bf4 Rd7 19. Qa4 Nd4 20. Bd1 Bc5 21. Rc1 Qe7 1/2-1/2

[Event "1st Sakatam Open 2024"]
[Site "Guwahati"]
[Date "2024.03.26"]
[Round "6.4"]
[White "Mayukh Majumder"]
[Black "Kumar, Gaurav"]
[Result "0-1"]
[ECO "B33"]
[WhiteElo "1833"]
[BlackElo "2049"]
[Annotator "RC"]
[PlyCount "60"]
[EventDate "2024.03.24"]
[EventType "swiss"]
[EventCountry "IND"]
[SourceTitle "playchess.com"]
[Source "ChessBase"]
[SourceQuality "1"]
[TimeControl "5400+30"]

1. e4 c5 2. Nf3 Nc6 3. d4 cxd4 4. Nxd4 Nf6 5. Nc3 e5 6. Ndb5 d6 7. Bg5 a6 8. Na3 b5 9. Bxf6 gxf6 10. Nd5 f5 11. g3 fxe4 12. Bg2 Bg7 13. Bxe4 O-O 14. Qd3 f5 15. Nf6+ Qxf6 16. Bxc6 e4 17. Qb3+ Be6 18. Bd5 Bxd5 19. Qxd5+ Kh8 20. Rb1 f4 21. O-O Rae8 22. c3 Re5 23. Qd2 f3 24. Nc2 Qe6 25. h4 Rh5 26. Ne3 Be5 27. Qd5 Qg6 28. Qxe5+ dxe5 29. Kh2 Rf4 30. gxf4 Rxh4# 0-1

[Event "1st Sakatam Open 2024"]
[Site "Guwahati"]
[Date "2024.03.26"]
[Round "6.5"]
[White "Mrinmoy Rajkhowa"]
[Black "Anushka Gupta"]
[Result "1-0"]
[ECO "B90"]
[WhiteElo "1901"]
[BlackElo "1832"]
[Annotator "RC"]
[PlyCount "117"]
[EventDate "2024.03.24"]
[EventType "swiss"]
[EventCountry "IND"]
[SourceTitle "playchess.com"]
[Source "ChessBase"]
[SourceQuality "1"]
[TimeControl "5400+30"]

1. e4 c5 2. Nf3 d6 3. d4 cxd4 4. Nxd4 Nf6 5. Nc3 a6 6. f3 e5 7. Nb3 Be7 8. Be3 Be6 9. Qd2 h5 10. O-O-O Nbd7 11. h3 Rc8 12. Kb1 b5 13. Bd3 h4 14. f4 Qc7 15. Rhe1 O-O 16. f5 Bc4 17. Bg5 b4 18. Nd5 Nxd5 19. exd5 Bxg5 20. Qxg5 Bxd3 21. cxd3 Nf6 22. Rc1 Qb7 23. Qxh4 Qxd5 24. Qxb4 Qxd3+ 25. Ka1 Rb8 26. Qa3 Ne4 27. Qa4 d5 28. Rcd1 Qb5 29. Qxb5 Rxb5 30. Rc1 f6 31. Rc6 Ng3 32. Nc5 Nxf5 33. Nxa6 d4 34. a4 Rb3 35. Nc5 Rb4 36. Ka2 Ne7 37. Rc7 Nd5 38. Ra7 Rc8 39. Nd3 Rbb8 40. Re2 Ne3 41. b4 Nd5 42. Rb2 Rc3 43. Ra5 Ne3 44. Rb3 Rc2+ 45. Nb2 Nd1 46. b5 Nc3+ 47. Ka3 e4 48. b6 Nb1+ 49. Ka2 Nd2 50. b7 Nxb3 51. Ra8 Nc1+ 52. Kb1 Rxb2+ 53. Kxb2 Nd3+ 54. Kb1 e3 55. Rxb8+ Kf7 56. Rf8+ Kxf8 57. b8=Q+ Ke7 58. Qb7+ Kf8 59. Qe4 1-0

[Event "1st Sakatam Open 2024"]
[Site "Guwahati"]
[Date "2024.03.26"]
[Round "6.6"]
[White "Kishan Kumar"]
[Black "Mishra, Neeraj-Kumar"]
[Result "1-0"]
[ECO "E12"]
[WhiteElo "1867"]
[BlackElo "2150"]
[Annotator "RC"]
[PlyCount "85"]
[EventDate "2024.03.24"]
[EventType "swiss"]
[EventCountry "IND"]
[SourceTitle "playchess.com"]
[Source "ChessBase"]
[SourceQuality "1"]
[TimeControl "5400+30"]

1. d4 Nf6 2. Nf3 e6 3. c4 b6 4. a3 Ba6 5. Qc2 Bb7 6. Nc3 c5 7. Bg5 cxd4 8. Nxd4 Nc6 9. e3 Be7 10. Rd1 a6 11. Nf3 Rc8 12. Bd3 h6 13. Bf4 Na5 14. Qe2 Nh5 15. Ne5 Nxf4 16. exf4 d6 17. Qh5 dxe5 18. Bg6 Qxd1+ 19. Nxd1 fxg6 20. Qxg6+ Kd7 21. f5 exf5 22. Qxb6 Bd8 23. Qg6 Bf6 24. Qf7+ Kd8 25. Ne3 Rc7 26. Qe6 Nc6 27. O-O Nd4 28. Rd1 Rd7 29. Qb6+ Ke7 30. Nxf5+ Kf7 31. Nd6+ Kg6 32. c5 Kh7 33. Nxb7 Nf3+ 34. gxf3 Rxd1+ 35. Kg2 Rf8 36. c6 e4 37. Qe3 exf3+ 38. Qxf3 Rc1 39. b4 Rc3 40. Qf5+ Kg8 41. Nc5 Rf7 42. Qd5 Kf8 43. Qxf7+ 1-0

[Event "1st Sakatam Open 2024"]
[Site "Guwahati"]
[Date "2024.03.26"]
[Round "6.7"]
[White "Robi Singh Jeron"]
[Black "Chandreyee, Hajra"]
[Result "0-1"]
[ECO "A03"]
[WhiteElo "1732"]
[BlackElo "1912"]
[Annotator "RC"]
[PlyCount "104"]
[EventDate "2024.03.24"]
[EventType "swiss"]
[EventCountry "IND"]
[SourceTitle "playchess.com"]
[Source "ChessBase"]
[SourceQuality "1"]
[TimeControl "5400+30"]

1. d4 d5 2. e3 Nf6 3. f4 c5 4. Nf3 Nc6 5. c3 Bf5 6. Be2 e6 7. O-O Ne4 8. Nbd2 cxd4 9. cxd4 Be7 10. Nxe4 Bxe4 11. Bd3 O-O 12. a3 a6 13. Ne5 Rc8 14. Bxe4 dxe4 15. Bd2 f6 16. Nxc6 Rxc6 17. Qb3 Rb6 18. Qa2 Qd5 19. Rfc1 Qb5 20. Bc3 Kh8 21. Re1 Rc8 22. Rad1 Qd5 23. Qxd5 exd5 24. Rc1 Rbc6 25. Bd2 Kg8 26. Rxc6 Rxc6 27. Rc1 Rxc1+ 28. Bxc1 Kf7 29. g4 Ke6 30. b3 Kd7 31. Kf1 Kc6 32. Ke2 Kb5 33. Kd1 a5 34. Kc2 a4 35. Bb2 g6 36. h3 h6 37. Bc1 f5 38. Kb2 fxg4 39. hxg4 h5 40. gxh5 gxh5 41. Bd2 h4 42. Be1 h3 43. Bg3 Bh4 44. Bh2 Bf2 45. Kc3 Bxe3 46. bxa4+ Kxa4 47. f5 Bg5 48. Be5 Kxa3 49. Bd6+ Ka4 50. Be5 b5 51. Bg3 b4+ 52. Kb2 Bf6 0-1